Map: Acid Plant LE

Players

Mage

  • Race: Protoss Protoss
  • Spawn Location: 11:00

Wilo - Winner!

  • Race: Zerg Zerg
  • Spawn Location: 5:00

Event: WCS Montreal 2018

VOD

Have the link to the VOD?

Description

Time

  • Played on: Sept. 7, 2018, 1:08 p.m.
  • Length: 10:16

All games in this series

Show
View Real Time Build Order
Export as new Build Order

Mage Protoss 

Build Orders: 1 Gate Expand 

Get SALT Encoding   

  12  0:00  Probe  
  13  0:12  Probe  
  14  0:18  Pylon  
  14  0:24  Probe  
  15  0:34  Probe  
  15  0:38  Gateway  
  15  0:42  Probe  
  16  0:47  Assimilator  
  17  0:51  Probe  
  18  1:03  Probe  
  19  1:15  Probe  
  20  1:23  Nexus  
  20  1:33  Cybernetics Core  
  20  1:36  Probe  
  21  1:43  Assimilator  
  21  1:48  Probe  
  21  1:51  Pylon  
  22  2:00  Probe  
  23  2:01  Adept  
  23  2:13  Probe  
  26  2:17  Warp Gate  
  26  2:25  Robotics Facility, Probe  
  26  2:29  Stalker  
  27  2:36  Probe  
  30  2:38  Probe  
  31  2:48  Gateway  
  31  2:52  Sentry  
  31  2:55  Probe x2  
  33  3:03  Immortal  
  35  3:07  Probe  
  35  3:10  Probe  
  35  3:19  Probe  
  40  3:22  Probe  
  40  3:24  Sentry  
  43  3:29  Pylon  
  43  3:32  Probe  
  44  3:34  Gateway  
  44  3:37  Immortal  
  44  3:43  Zealot  
  50  3:49  Probe  
  50  3:50  Probe  
  52  4:01  Gateway, Probe  
  53  4:03  Probe  
  53  4:07  Gateway  
  54  4:11  Gateway  
  54  4:22  Pylon  
  54  4:28  Gateway  
  54  4:29  Warp Prism  
  54  4:32  Gateway  
  54  4:35  Pylon  
  54  4:40  Sentry  
  54  4:41  Sentry  
  54  4:45  Sentry  
  62  4:52  Pylon  
  62  4:53  Pylon  
  62  5:05  Pylon  
  62  5:06  Pylon  
  62  5:24  Zealot  
  62  5:25  Zealot x5  
  62  5:26  Zealot x2  
  76  5:46  Stalker x4  
  76  5:47  Stalker, Zealot x2  
  88  6:01  Stalker  
  88  6:10  Stalker x2  
  82  6:11  Zealot x3  
  74  6:30  Warp Prism, Zealot x2  
  74  6:31  Zealot  
  66  6:36  Probe  
  51  6:50  Twilight Council  
  51  7:00  Zealot x3  
  51  7:01  Zealot x5  
  63  7:07  Pylon  
  67  7:21  Charge  
  67  7:35  Immortal  
  67  7:36  Robotics Facility  
  71  7:38  Probe x2  
  71  7:40  Assimilator  
  71  7:43  Forge  
  71  7:44  Assimilator  
  73  7:50  Probe  
  74  7:52  Nexus  
  74  7:53  Pylon  
  74  7:54  Adept x2  
  74  7:57  Protoss Ground Weapons Level 1  
  76  8:06  Immortal  
  76  8:16  Immortal, Shield Battery  
  76  8:17  Shield Battery  
  80  8:23  Pylon  
  84  8:37  Sentry  
  84  8:40  Probe  
  84  8:41  Probe  
  88  8:48  Immortal  
  92  8:51  Immortal  
  92  8:53  Probe x2  
  98  9:05  Probe  
  98  9:06  Probe x2  
  101  9:18  Sentry, Zealot x3  
  101  9:19  Zealot x2  
  101  9:22  Zealot  
  115  9:27  Observer  
  116  9:39  Probe  
  116  9:45  Zealot x4  
  119  9:46  Zealot x4  
  119  9:51  Pylon  
  133  9:52  Pylon  
  121  10:09  Zealot x4  
  121  10:10  Zealot  
Show
View Real Time Build Order
Export as new Build Order

Wilo Zerg - Winner!

Build Orders: Hatch First 

Get SALT Encoding   

  12  0:00  Drone  
  13  0:12  Overlord  
  13  0:17  Drone  
  14  0:30  Drone x2  
  16  0:49  Hatchery  
  15  0:52  Drone  
  15  0:55  Drone  
  17  0:59  Drone  
  18  1:08  Extractor  
  17  1:14  Spawning Pool  
  17  1:17  Drone  
  17  1:20  Drone  
  18  1:28  Drone  
  19  1:39  Drone  
  20  1:50  Overlord  
  20  2:01  Drone x2  
  20  2:02  Queen x2  
  26  2:08  Metabolic Boost  
  26  2:12  Zergling x4  
  28  2:22  Drone  
  29  2:32  Hatchery  
  29  2:34  Drone  
  29  2:42  Queen  
  31  2:44  Drone  
  31  2:47  Drone  
  31  2:49  Drone  
  34  2:53  Overlord  
  34  3:08  Drone x2  
  36  3:13  Spore Crawler  
  36  3:18  Drone x2  
  38  3:20  Drone x6  
  43  3:32  Extractor, Overlord  
  42  3:34  Roach Warren  
  42  3:40  Lair  
  42  3:41  Drone  
  42  3:42  Drone  
  42  3:45  Drone x2  
  45  3:57  Drone x3, Evolution Chamber  
  45  3:58  Extractor, Drone x2  
  45  3:59  Drone  
  49  4:04  Overlord  
  49  4:11  Overlord  
  49  4:14  Overlord  
  49  4:23  Zerg Missile Weapons Level 1  
  49  4:24  Roach x3  
  55  4:26  Roach  
  55  4:29  Queen  
  59  4:33  Queen  
  59  4:38  Glial Reconstitution  
  61  4:39  Zergling x2  
  61  4:40  Zergling x2  
  61  4:44  Overseer  
  63  4:46  Zergling x4  
  63  4:47  Zergling x2  
  66  4:54  Ravager  
  66  4:55  Overlord x2  
  66  4:58  Zergling x6  
  70  5:01  Roach  
  71  5:10  Ravager  
  71  5:11  Roach  
  71  5:13  Spine Crawler  
  73  5:15  Roach x2  
  73  5:16  Zergling x4  
  79  5:23  Zergling x8  
  79  5:26  Ravager  
  79  5:27  Roach  
  85  5:43  Roach x2  
  85  5:44  Roach x2  
  93  5:52  Roach  
  93  5:53  Roach  
  94  6:00  Roach x3  
  96  6:11  Roach x4  
  92  6:31  Roach x4  
  90  6:37  Roach x2  
  90  6:38  Pneumatized Carapace  
  83  6:45  Zergling x4  
  85  6:57  Overlord x2  
  85  7:01  Hatchery  
  84  7:05  Extractor  
  83  7:12  Queen  
  83  7:13  Spine Crawler  
  83  7:15  Spine Crawler, Ravager  
  83  7:19  Overlord  
  83  7:20  Queen, Roach x3  
  83  7:22  Ravager  
  92  7:27  Drone  
  92  7:28  Drone  
  94  7:41  Overlord  
  94  7:42  Drone x2, Hydralisk Den  
  96  7:44  Drone  
  100  7:51  Roach x2  
  100  7:53  Overseer  
  100  8:06  Ravager x2  
  100  8:10  Overlord x2  
  100  8:12  Muscular Augments  
  101  8:16  Drone x7  
  101  8:17  Drone x3  
  111  8:25  Drone x2  
  113  8:29  Overlord  
  113  8:30  Drone  
  113  8:31  Overseer  
  114  8:38  Roach x2  
  114  8:39  Hydralisk x3  
  124  8:49  Extractor  
  124  8:51  Hydralisk x3  
  129  8:56  Overlord x2  
  129  9:09  Hydralisk x4  
  135  9:15  Overlord  
  137  9:22  Overlord  
  137  9:23  Hydralisk  
  137  9:29  Hydralisk x2  
  143  9:36  Hydralisk x2  
  143  9:37  Extractor  
  146  9:38  Hydralisk  
  147  9:46  Hydralisk x2  
Tags
 
Add a new tag
Caveats
  • Supply blocks, unpowered buildings, or Contaminate may cause inaccurate times.
  • Supply counts are checked every 10 seconds.